 Dungeon Crawl Stone Soup version 0.21.1-1-g345015f (webtiles) character file.

1512 chorionicmirror the Shield-Bearer (level 8, -1/62 HPs)
             Began as a Demonspawn Fighter on June 23, 2018.
             Was a Priest of Okawaru.
             Killed by divine providence
             ... invoked by an orc priest
              (13 damage)
             ... on level 5 of the Dungeon.
             The game lasted 00:21:25 (4791 turns).

chorionicmirror the Shield-Bearer (DsFi)            Turns: 4791, Time: 00:21:28

Health: -1/62      AC: 12    Str: 18    XL:     8   Next: 53%
Magic:  0/3        EV:  6    Int: 10    God:    Okawaru [***...]
Gold:   278        SH: 11    Dex: 17    Spells: 7/7 levels left

rFire    . . .     SeeInvis .   l - +1 falchion (antimagic)
rCold    . . .     Gourm    .   c - +1 shield
rNeg     . . .     Faith    .   n - +0 chain mail
rPois    .         Spirit   +   u - +2 helmet
rElec    .         Reflect  .   (no cloak)
rCorr    .         Harm     .   (no gloves)
MR       .....                  (no boots)
Stlth    ..........             (no amulet)
HPRegen  0.20/turn              j - +4 ring of dexterity
MPRegen  0.08/turn              (no ring)

@: no status effects
A: hooves 1, nightstalker 1, magic shield
a: Heroism, Renounce Religion


You were on level 5 of the Dungeon.
You worshipped Okawaru.
Okawaru was most pleased with you.
You were not hungry.

You visited 1 branch of the dungeon, and saw 5 of its levels.
You also visited: Sewer.

You collected 278 gold pieces.

Inventory:

Hand Weapons
 l - a +1 antimagic falchion (weapon)
Armour
 c - a +1 shield (worn)
 n - a +0 chain mail (worn)
 u - a +2 helmet (worn)
Jewellery
 j - a +4 ring of dexterity (left hand)
Scrolls
 e - 2 scrolls of remove curse
 g - 7 scrolls of teleportation
 i - 2 scrolls of identify
 t - a scroll of amnesia {unknown}
Potions
 a - 6 potions of curing
 b - a potion of lignification
 h - 7 potions of heal wounds
 k - 2 potions of flight
 m - a potion of haste
 o - a potion of magic
 p - a potion of brilliance
 q - a potion of might
Books
 s - a book of Misfortune

   Spells                             Type                      Level
   a - Confusing Touch                Hexes                        1
   b - Confuse                        Hexes                        3
   c - Gell's Gravitas                Translocation                3
   d - Petrify                        Transmutation/Earth          4
   e - Metabolic Englaciation         Hexes/Ice                    5
   f - Yara's Violent Unravelling     Hexes/Transmutation          5
Comestibles
 f - 12 rations
 r - 2 chunks of flesh


   Skills:
 + Level 5.1 Fighting
 + Level 4.2 Long Blades
 + Level 4.8 Armour
 - Level 2.0 Dodging
 - Level 2.0 Stealth
 * Level 6.2 Shields
 + Level 3.6 Invocations


You had 7 spell levels left.
You didn't know any spells.

Dungeon Overview and Level Annotations

Branches:
Dungeon (5/15)
 Temple: D:4-7

Altars:
Fedhas
Okawaru
Ru
Trog
Yredelemnul


Innate Abilities, Weirdness & Mutations

You have large cloven feet.
You are slightly more attuned to the shadows.
When hurt, damage is shared between your health and your magic reserves.


Message History

You block the orc priest's attack.
You hit the orc priest but do no damage.
You kick the orc priest, but do no damage.
The orc priest is heavily wounded.
You block the orc priest's attack.
You hit the orc priest but do no damage.
You kick the orc priest, but do no damage.
The orc priest is heavily wounded.
The orc priest hits you but does no damage.
You hit the orc priest but do no damage.
Your kick misses the orc priest.
The orc priest is heavily wounded.
You hit the orc priest.
The orc priest is almost dead.
The orc priest mumbles some strange prayers to Beogh against you.
Beogh smites you!
* * * LOW HITPOINT WARNING * * *
The orc priest mumbles some strange prayers to Beogh against you.
Beogh smites you!
You die...

....###........ .
#.....##.........
......##......#.#
#.#......##...#.###
..#.#.รท..####.....
###.#.#........# ..
#.....####.#...##
#... #.#.###
#.##...##.....
..#.#
#.####.@oo....
..#.#
#....####.....
....# ####....#
.... ....#
#.(.....### ...
....###.######..#
..
###.##..#####..## .
# #....##....>##
#^###...#####
###.....###


You could see an orc priest and an orc.

Vanquished Creatures
  Grinder (D:3)
  The ghost of reamonnk the Chopper, an amateur HOMo of Beogh (D:3)
  A phantom (D:5)
  A centaur (D:4)
  An ogre (D:5)
  A big kobold (Sewer)
  A scorpion (D:4)
  A howler monkey (D:3)
  A bullfrog zombie (D:5)
  A crimson imp (D:5)
  4 orc priests (D:4)
  A centaur skeleton (D:4)
  2 hounds
  Terence (D:2)
  An iguana (D:5)
  4 orc wizards (D:4)
  3 worker ants
  A hound skeleton (D:5)
  Robin (D:3)
  6 adders
  4 oozes
  A worm (D:4)
  3 dart slugs
  6 leopard geckos
  11 orcs
  2 ball pythons (D:3)
  14 bats
  7 giant cockroaches
  10 goblins
  19 hobgoblins
  2 jackals (D:1)
  21 kobolds
  2 quokkas
  4 frilled lizards
  A giant cockroach zombie (D:5)
  19 rats
160 creatures vanquished.

Notes
Turn   | Place    | Note
-------+----------+-------------------------------------------
     0 | D:1      | chorionicmirror the Demonspawn Fighter began the quest for the Orb.
     0 | D:1      | Reached XP level 1. HP: 18/18 MP: 1/1
    45 | D:1      | Gained mutation: You have large cloven feet. [demonic ancestry]
    45 | D:1      | Reached XP level 2. HP: 17/24 MP: 2/2
   125 | D:1      | Reached skill level 3 in Shields
   566 | D:1      | Gained mutation: When hurt, damage is shared between your health and your magic reserves. [demonic ancestry]
   566 | D:1      | Reached XP level 3. HP: 29/29 MP: 3/3
  1212 | D:2      | Found an iron altar of Okawaru.
  1224 | D:2      | Became a worshipper of Warmaster Okawaru
  1228 | D:2      | Noticed Terence
  1249 | D:2      | Killed Terence
  1249 | D:2      | Reached skill level 1 in Dodging
  1249 | D:2      | Reached skill level 1 in Stealth
  1249 | D:2      | Reached XP level 4. HP: 30/35 MP: 0/4
  1924 | D:3      | Noticed reamonnk's ghost (amateur HOMo)
  1942 | D:3      | Killed reamonnk's ghost
  1942 | D:3      | Reached * piety under Okawaru
  1942 | D:3      | Gained mutation: You are slightly more attuned to the shadows. [demonic ancestry]
  1942 | D:3      | Reached XP level 5. HP: 35/42 MP: 0/5
  1942 | D:3      | Reached XP level 6. HP: 40/48 MP: 0/6
  1945 | D:3      | Noticed Robin
  1951 | D:3      | Killed Robin
  1960 | D:3      | Reached skill level 4 in Shields
  2020 | D:3      | Noticed Grinder
  2049 | D:3      | Paralysed by Grinder for 5 turns
  2062 | D:3      | Killed Grinder
  2062 | D:3      | Reached ** piety under Okawaru
  2255 | D:3      | Reached XP level 7. HP: 47/54 MP: 2/7
  2708 | D:4      | Found a sacrificial altar of Ru.
  2782 | D:4      | Reached skill level 1 in Invocations
  2961 | D:4      | Noticed a moth of wrath
  2990 | D:4      | Found a bloodstained altar of Trog.
  3031 | D:4      | Reached skill level 5 in Shields
  3110 | D:4      | Found a glowing drain.
  3122 | Sewer    | Entered a sewer
  3530 | Sewer    | Reached XP level 8. HP: 57/61 MP: 3/9
  4103 | D:4      | Found a basalt altar of Yredelemnul.
  4212 | D:5      | Entered Level 5 of the Dungeon
  4324 | D:5      | Found a blossoming altar of Fedhas.
  4480 | D:5      | Reached skill level 5 in Fighting
  4555 | D:5      | Reached skill level 6 in Shields
  4764 | D:5      | Reached *** piety under Okawaru
  4791 | D:5      | Killed from afar by an orc priest

Skill      XL: |  1  2  3  4  5  6  7  8 |
---------------+-------------------------+-----
Shields        | 3 4 5 6 |  6.2
Long Blades    | 2 3 4 |  4.2
Armour         | 3 4 |  4.8
Dodging        | 1 2 |  2.0
Stealth        | 1 2 |  2.0
Fighting       | 4 5 |  5.1
Invocations    | 2 3 |  3.6

Action                   |  1- 3 |  4- 6 |  7- 9 || total
-------------------------+-------+-------+-------++-------
Melee: Long sword        |    90 |       |       ||    90
       Kick              |    13 |    32 |   111 ||   156
       Falchion          |     8 |   136 |   324 ||   468
Invok: Heroism           |       |       |     3 ||     3
  Use: Scroll            |     3 |     3 |    10 ||    16
       Potion            |       |     3 |     1 ||     4
  Eat: Chunk             |     1 |     4 |     2 ||     7
       Ration            |       |       |     2 ||     2
Armor: Scale mail        |    45 |    10 |       ||    55
       Chain mail        |       |    75 |   161 ||   236
Dodge: Dodged            |    29 |    35 |    86 ||   150
Block: Shield            |    45 |    80 |   198 ||   323
       Rpst.: Long sword |    10 |       |       ||    10
       Falchion          |       |     5 |    27 ||    32
